[Event "Klubbmästerskap 2025 Torsdagar"]
[Site "Linköping, Sweden"]
[Date "2025.03.20"]
[Round "7.1"]
[White "Westerberg, Hampus"]
[Black "Halvarsson, Peter"]
[Result "0-1"]
[TimeControl "90 min + 30 sec/move"]
[WhiteElo "1851"]
[BlackElo "1927"]

1. e4 d5 2. exd5 Qxd5 3. Nc3 Qa5 4. d4 c6 5. Bc4 Nf6 6. Nf3 Bf5 7. Bd2 e6 8. a3 Nbd7 9. Bb3 Qa6 10.
Nh4 Bg6 11. Nxg6 hxg6 12. Qf3 O-O-O 13. O-O-O Nb6 14. Bg5 Rd7 15. Bxf6 gxf6 16. Qxf6 Rh5 17. Bxe6 Bh6+ 18. Kb1 fxe6 19.
Qxg6 Qa5 20. Qxe6 Bg7 21. g4 Rh3 22. f4 Rxc3 23. bxc3 Nd5 24. Qg8+ Kc7 25. Rd3 Qxa3 26. Re1 Nxc3+ 27. Rxc3 Qxc3 28. Re4 Bxd4 29. Qa2 Be3 0-1

[Event "Klubbmästerskap 2025 Torsdagar"]
[Site "Linköping, Sweden"]
[Date "2025.03.20"]
[Round "7.2"]
[White "Nagy, Mate 2009"]
[Black "Roginski, Hugo"]
[Result "1/2-1/2"]
[TimeControl "90 min + 30 sec/move"]
[WhiteElo "1917"]
[BlackElo "1884"]

1. e4 e5 2. Nf3 Nc6 3. Bb5 a6 4. Ba4 Nf6 5. O-O Be7 6. Re1 b5 7. Bb3 O-O 8. a4 Bb7 9. d3 d6 10.
Nbd2 Na5 11. c3 Nxb3 12. Qxb3 Bc6 13. a5 Re8 14. Nf1 Bf8 15. Bg5 g6 16. Ne3 Bg7 17. Ng4 Bd7 18. Bxf6 Bxf6 19. Ne3 c6 20. Qc2 Qc7 21.
c4 Rab8 22. cxb5 Rxb5 23. Nd5 Qd8 24. Nb6 Rc5 25. Qd2 Be6 26. d4 exd4 27. Nxd4 Bxd4 28. Qxd4 Rh5 29. Re3 Qc7 30. g3 Re5 31.
f4 Rb5 32. Rd3 Rd8 33. e5 d5 34. b4 c5 35. bxc5 Rxc5 36. Rdd1 Bg4 37. Rd2 Bf3 38. Rf1 Rc1 39. Rdf2 Be4 40.
Qd2 Rc2 41. Qe3 Rc5 42. Ra1 Bf5 43. Qd4 Be4 1/2-1/2

[Event "Klubbmästerskap 2025 Torsdagar"]
[Site "Linköping, Sweden"]
[Date "2025.03.20"]
[Round "7.3"]
[White "Pettersson, Börje"]
[Black "Gustafsson, Nils"]
[Result "0-1"]
[TimeControl "90 min + 30 sec/move"]
[WhiteElo "1906"]
[BlackElo "1860"]

1. e4 e5 2. Nf3 Nc6 3. Bb5 a6 4. Ba4 Nf6 5. O-O Nxe4 6. d4 b5 7. Bb3 d5 8. dxe5 Be6 9. Qe2 Be7 10.
Rd1 Nc5 11. c4 Nxb3 12. axb3 bxc4 13. bxc4 d4 14. Qe4 Bd7 15. Nxd4 Nxd4 16. Qxd4 c5 17. Qd5 Ra7 18. Nc3 O-O 19. Nb5 Bxb5 20. Qxd8 Rxd8 21.
Rxd8+ Bxd8 22. cxb5 Rd7 23. Be3 axb5 24. Bxc5 Rd5 25. Bb4 h5 26. Kf1 Kh7 27. f4 Rd4 28. Bd6 Rxf4+ 29. Ke2 Bb6 30.
Rf1 Rxf1 31. Kxf1 Bd4 32. b3 Kg6 33. Ke2 Kf5 34. h3 Bxe5 35. Bf8 Ke4 36. Kd2 g5 37. Ke2 f5 38. Be7 g4 39. hxg4 hxg4 40. Bc5 Kd5 41.
Bb4 Bd6 42. Bc3 Ke4 43. Bf6 Be5 44. Be7 f4 45. Bh4 Bd4 46. Bg5 Be3 47. Bf6 f3+ 48. gxf3+ gxf3+ 49. Kd1 Kd3 50. Be5 f2 0-1

[Event "Klubbmästerskap 2025 Torsdagar"]
[Site "Linköping, Sweden"]
[Date "2025.03.20"]
[Round "7.4"]
[White "Ståhlberg, Adam"]
[Black "Skytt, Klas"]
[Result "1-0"]
[TimeControl "90 min + 30 sec/move"]
[WhiteElo "1944"]
[BlackElo "1764"]

1. d4 d5 2. c4 e6 3. cxd5 exd5 4. Nc3 c6 5. Nf3 Bd6 6. Bg5 Qc7 7. e3 h6 8. Bh4 Bf5 9. Bd3 Bxd3 10.
Qxd3 Nd7 11. Rc1 Qb8 12. e4 Bf4 13. Rc2 dxe4 14. Qxe4+ Kf8 15. Re2 Bd6 16. Ne5 Qc7 17. O-O Ngf6 18.
Nxd7+ Nxd7 19. Be7+ Kg8 20. Qh4 Nb6 21. Rfe1 Nd5 22. Nxd5 cxd5 23. g3 b5 24. Qh5 Qc6 25. Qf5 a6 26.
Bxd6 Qxd6 27. Re8+ Rxe8 28. Rxe8+ 1-0

[Event "Klubbmästerskap 2025 Torsdagar"]
[Site "Linköping, Sweden"]
[Date "2025.03.20"]
[Round "7.5"]
[White "Garner, Mårten"]
[Black "Qwarfort, Fredrik"]
[Result "1/2-1/2"]
[TimeControl "90 min + 30 sec/move"]
[WhiteElo "1841"]
[BlackElo "1826"]

1. d4 d5 2. c4 e6 3. cxd5 exd5 4. Nc3 Nf6 5. Bg5 c6 6. e3 h6 7. Bh4 Bd6 8. Bd3 Nbd7 9. Nf3 O-O 10.
O-O Qe7 11. Qc2 g5 12. Bg3 Bxg3 13. hxg3 Re8 14. Rab1 Ne4 15. b4 Ndf6 16. Ne5 Nxc3 17. Qxc3 Ne4 18. Qc2 f6 19. Nf3 Bf5 20.
Rfc1 a6 21. a4 Qh7 22. Ne1 Nd6 1/2-1/2

[Event "Klubbmästerskap 2025 Torsdagar"]
[Site "Linköping, Sweden"]
[Date "2025.03.20"]
[Round "7.7"]
[White "Ahlström, Per"]
[Black "Stefanovic, Dragan 1958"]
[Result "1-0"]
[TimeControl "90 min + 30 sec/move"]
[WhiteElo "1820"]
[BlackElo "1791"]

1. Nf3 Nf6 2. g3 d5 3. Bg2 Bf5 4. c4 g6 5. cxd5 Nxd5 6. e4 Be6 7. exd5 Bxd5 8. Nc3 Bc6 9. d4 e6 10.
O-O Be7 11. Bh6 g5 12. d5 exd5 13. Re1 Rg8 14. Bxg5 1-0

[Event "Klubbmästerskap 2025 Torsdagar"]
[Site "Linköping, Sweden"]
[Date "2025.03.20"]
[Round "7.8"]
[White "Lilljebjörn, Erik Gustaf"]
[Black "Davidsson, Asker"]
[Result "1/2-1/2"]
[TimeControl "90 min + 30 sec/move"]
[WhiteElo "1783"]
[BlackElo "1823"]

1. e4 c5 2. c3 d5 3. exd5 Nf6 4.
Bb5+ Bd7 5. Bxd7+ Qxd7 6. c4 Na6 7. Nf3 e6 8. O-O exd5 9. Re1+ Be7 10. Ne5 Qd6 11. Qa4+ Kf8 12. cxd5 Nxd5 13.
Nc3 Nac7 14. Nxd5 Nxd5 15. d4 cxd4 16. Qxd4 Nb6 17. Qe4 Qd5 18. Bf4 1/2-1/2

[Event "Klubbmästerskap 2025 Torsdagar"]
[Site "Linköping, Sweden"]
[Date "2025.03.20"]
[Round "7.9"]
[White "Nyberg, Peter"]
[Black "Pavlic, Oliver"]
[Result "1/2-1/2"]
[TimeControl "90 min + 30 sec/move"]
[WhiteElo "1972"]
[BlackElo "1950"]

1. c4 e5 2. Nc3 Bb4 3. Nd5 Be7 4.
g3 Nf6 5. Nxf6+ Bxf6 6. Bg2 O-O 7. e4 d6 8. Ne2 Nc6 9. O-O Be6 10. d3 Qd7 11. f4 Bg4 12. Qe1 Bxe2 13. Qxe2 Nd4 14.
Qf2 exf4 15. Bxf4 Be5 16. Be3 c5 17. Kh1 Rab8 18. Rad1 b5 19. cxb5 Rxb5 20. Rd2 Qe6 1/2-1/2